Match 43764704
Unlisted

Match 43764704
End
Construct Barracks
Selects Airborne Battlegroup
Selects Heavy Machine Gun Paradrop
Heavy Machine Gun Paradrop
Riflemen Squad
Heavy Machine Gun Paradrop
Grenade Package
Construct Medical Station
M1 Mortar Team
Heavy Machine Gun Paradrop
Air Support Center
Selects Paratrooper Squad Paradrop
Selects Recon Loiter
P-47 Strafing Run
Paratrooper Squad Paradrop
Double Sortie
Improved Aircraft Armor
Grasshopper Recon Run
P-47 Strafing Run
P-47 Dive Bomb
Air Supremacy
P-47 Strafing Run
P-47 Dive Bomb
Grasshopper Recon Run
P-47 Strafing Run
P-47 Strafing Run
Construct Tank Depot
Paratrooper Squad Paradrop
Selects Supply Drop
Supply Drop
P-47 Strafing Run
Selects Carpet Bombing Run
Grasshopper Recon Run
P-47 Dive Bomb
M4A1 Sherman Medium Tank
Supply Drop
P-47 Dive Bomb
M4A1 Sherman Medium Tank
Grasshopper Recon Run
P-47 Strafing Run
Supply Drop
tayraingi
Stocklei
Slib mámě *vz58*
studnice88
Morcrabanen
ChuCky76630
Oncle-Hô
ParDeNoM
0
0

Comments sign in to comment!

No comments posted yet!